 Dungeon Crawl Stone Soup version 0.32-a0-131-g9dbbe29261 (webtiles) character file.

Game seed: 14479536851962676610

217434 jestert79 the Peltast (level 19, -1/147 HPs)
             Began as a Formicid Hexslinger on Feb 8, 2024.
             Was the Champion of Okawaru.
             Killed from afar by a thorn hunter (23 damage)
             ... with a volley of thorns
             ... on level 4 of the Swamp.
             The game lasted 02:22:29 (32234 turns).

jestert79 the Peltast (Formicid Hexslinger)        Turns: 32234, Time: 02:22:29

Health: -1/147     AC: 19    Str: 14    XL:     19   Next: 82%
Magic:  0/33       EV: 24    Int: 14    God:    Okawaru [******]
Gold:   2055       SH: 21    Dex: 22    Spells: 7/30 levels left

rFire   + . .        a - +6 orcbow of Egyun {heavy, rF+ Will+}
rCold   . . .        A - +2 kite shield {rN+}
rNeg    + . .        G - +5 moon troll leather armour {Spirit, Regen++ MP+5}
rPois   +            (helmet unavailable)
rElec   .            P - +1 cloak {rCorr}
rCorr   +            o - +0 pair of gloves
SInv    +            D - +1 pair of boots {Fly}
Will    ++...        h - amulet of the acrobat
Stlth   ++++         N - ring of poison resistance
HPRegen 2.04/turn    x - +4 ring of protection
MPRegen 0.23/turn

%: acrobat, guardian spirit
@: heroic, portalling projectiles, flying
A: permanent stasis, dig shafts and tunnels, antennae 3, four strong arms
}: 1/15 runes: serpentine
a: Dig, Shaft Self, Renounce Religion, Heroism, Finesse, Duel


You were on level 4 of the Swamp.
You worshipped Okawaru.
Okawaru was exalted by your worship.
You visited 6 branches of the dungeon, and saw 31 of its levels.
You also visited: Bailey.

You collected 4418 gold pieces.
You spent 2363 gold pieces at shops.

Inventory:

Hand Weapons
 a - the +6 orcbow of Egyun (weapon) {heavy, rF+ Will+}
   (You bought it in a shop on level 6 of the Dungeon)

   rF+:       It protects you from fire.
   Will+:     It increases your willpower.
 b - a +2 spectral quarterstaff
 F - a +0 hand cannon of electrocution
Missiles
 z - 3 throwing nets
Armour
 o - a +0 pair of gloves (worn)
 A - a +2 kite shield of positive energy (worn)
 D - a +1 pair of boots of flying (worn)
 G - the +5 moon troll leather armour (worn) {Spirit, Regen++ MP+5}
   (Okawaru gifted it to you on level 11 of the Dungeon)

   MP+5:      It affects your magic capacity (+5).
   Regen++:   It increases your rate of health regeneration.
 P - a +1 cloak of preservation (worn)
Jewellery
 d - a +5 ring of evasion
 h - an amulet of the acrobat (around neck)
 k - a ring of protection from cold
 l - a ring of positive energy
 t - a ring of magical power
 v - a ring of wizardry
 x - a +4 ring of protection (right hand)
 J - an amulet of reflection
 L - a ring of resist corrosion
 N - a ring of poison resistance (left hand)
 Q - a ring of protection from cold
 U - a ring of protection from fire
 W - a ring of magical power
 X - a ring of fire
Wands
 i - a wand of light (21)
 p - a wand of digging (7)
 w - a wand of flame (80)
 B - a wand of paralysis (15)
 M - a wand of mindburst (14)
 Y - a wand of iceblast (22)
Scrolls
 e - 5 scrolls of poison
 m - 4 scrolls of amnesia
 y - 6 scrolls of vulnerability
 E - a scroll of revelation
 K - 2 scrolls of immolation
 O - a scroll of enchant weapon
 S - a scroll of fog
 T - 5 scrolls of identify
 Z - a scroll of brand weapon
Potions
 c - 5 potions of might
 f - 8 potions of mutation
 j - 8 potions of curing
 n - 3 potions of cancellation
 q - 2 potions of brilliance
 r - 3 potions of magic
 s - 4 potions of lignification
 u - 4 potions of attraction
 C - 5 potions of enlightenment
 H - 4 potions of heal wounds
 R - 4 potions of ambrosia
 V - a potion of resistance
Miscellaneous
 I - a phial of floods


   Skills:
 - Level 12.4(17.4) Fighting
 - Level 4.0(9.0) Staves
 - Level 18.0(23.0) Ranged Weapons
 - Level 5.8(10.8) Armour
 - Level 10.6(15.6) Dodging
 - Level 3.0(8.0) Stealth
 - Level 20.7(25.7) Shields
 - Level 6.0 Spellcasting
 + Level 5.9 Conjurations
 - Level 10.6 Hexes
 - Level 8.0 Translocations
 - Level 5.0 Fire Magic
 + Level 10.8 Alchemy
 - Level 2.1 Invocations


You had 7 spell levels left.
You knew the following spells:

 Your Spells              Type           Power      Damage    Failure   Level
a - Jinxbite              Hex            68%        N/A       1%          2
b - Sigil of Binding      Hex            34%        N/A       1%          3
c - Inner Flame           Hex/Fire       26%        N/A       2%          3
d - Dimensional Bullseye  Hex/Tloc       15%        N/A       4%          4
e - Eringya's Noxious Bo  Alch           17%        4d6       34%         6
f - Irradiate             Conj/Alch      13%        3d16      19%         5

Your spell library contained the following spells:

 Spells                   Type           Power      Damage    Failure   Level
 Apportation              Tloc           52%        N/A       1%          1
 Magic Dart               Conj           80%        1d7       1%          1
 Sting                    Conj/Alch      100%       1d9       1%          1
 Lesser Beckoning         Tloc           52%        N/A       1%          2
 Confusing Touch          Hex            34%        N/A       1%          3
 Dazzling Flash           Conj/Hex       54%        N/A       1%          3
 Foxfire                  Conj/Fire      76%        2x1d7     2%          1
 Searing Ray              Conj           40%        2d5       2%          2
 Gell's Gravitas          Tloc           26%        N/A       2%          3
 Teleport Other           Tloc           26%        N/A       2%          3
 Cause Fear               Hex            17%        N/A       2%          4
 Olgreb's Toxic Radiance  Alch           34%        N/A       2%          4
 Mercury Vapours          Alch/Air       38%        N/A       3%          2
 Scorch                   Fire           36%        2d6       3%          2
 Volatile Blastmotes      Fire/Tloc      44%        2d13      4%          3
 Kiss of Death            Conj/Necr      48%        2d9       6%          1
 Mephitic Cloud           Conj/Alch/Air  19%        N/A       6%          3
 Fulminant Prism          Conj/Alch      13%        3d9       6%          4
 Alistair's Intoxication  Alch           22%        N/A       6%          5
 Ignite Poison            Fire/Alch      26%        N/A       8%          4
 Sticky Flame             Fire/Alch      26%        2d6       8%          4
 Iskenderun's Mystic Bla  Conj/Tloc      23%        2d6       12%         4
 Stone Arrow              Conj/Erth      24%        3d8       19%         3
 Freeze                   Ice            16%        1d4       21%         1
 Necrotise                Necr           16%        1d4       21%         1
 Sandblast                Erth           8%         2d5       21%         1
 Flame Wave               Conj/Fire      19%        2d7       22%         4
 Leda's Liquefaction      Alch/Erth      9%         N/A       22%         4
 Petrify                  Alch/Erth      19%        N/A       22%         4
 Iskenderun's Battlesphe  Conj           20%        2d7       45%         5
 Frozen Ramparts          Ice            8%         1d2       52%         3
 Passwall                 Erth           4%         N/A       52%         3
 Brom's Barrelling Bould  Conj/Erth      12%        2d4       52%         4
 Fireball                 Conj/Fire      9%         3d6       52%         5
 Metabolic Englaciation   Hex/Ice        9%         N/A       54%         5
 Silence                  Hex/Air        9%         N/A       54%         5
 Dispersal                Tloc           13%        N/A       75%         6
 Dispel Undead            Necr           4%         3d7       89%         4
 Starburst                Conj/Fire      9%         6d5       97%         6
 Borgnjor's Vile Clutch   Necr/Erth      2%         N/A       99%         5
 Curse of Agony           Necr           4%         N/A       99%         5
 Conjure Ball Lightning   Conj/Air       6%         3x3d6     100%        6
 Plasma Beam              Fire/Air       5%         2x1d16    100%        6
 Orb of Destruction       Conj           10%        9d6       100%        7
 Ozocubu's Refrigeration  Ice            2%         4d7       100%        7
 Polar Vortex             Ice            2%         N/A       100%        9
 Summon Small Mammal      Summ           Unusable   N/A       N/A         1
 Call Canine Familiar     Summ           Unusable   N/A       N/A         3
 Summon Ice Beast         Ice/Summ       Unusable   N/A       N/A         3
 Sculpt Simulacrum        Ice/Alch       Unusable   N/A       N/A         6
 Summon Cactus Giant      Summ           Unusable   N/A       N/A         6

Dungeon Overview and Level Annotations

Branches:
Dungeon (15/15)            Temple (1/1) D:4            Lair (5/5) D:10
  Swamp (4/4) Lair:3        Snake (4/4) Lair:2        Slime (0/5) Lair:4
    Orc (2/2) D:9             Elf (0/3) Orc:2        Vaults (0/5) D:13
 Depths (0/4) D:15         Bailey (visited)

Altars:
Ashenzari
Cheibriados
Dithmenos
Elyvilon
Fedhas
Gozag
Hepliaklqana
Kikubaaqudgha
Makhleb
Nemelex Xobeh
Okawaru
Qazlal
Ru
Sif Muna
Uskayaw
Vehumet
Wu Jian
Xom
Yredelemnul
Zin
The Shining One
Jiyva

Shops:
D:4 (   D:5 :   D:6 (   D:14 [   Orc:2 *([(   Snake:1 *

Portals:
Trove: D:12 (lose all piety)

Annotations:
D:5 1 runed translucent door, Crazy Yiuf
D:6 2 transporters, zenocrate's ghost, novice KoDe
D:7 exclusion: troll
D:8 exclusion: moth of wrath
D:11 4 runed translucent doors
D:15 3 runed translucent doors, Hehag's ghost, journeyman MiBe
Lair:4 3 runed translucent doors, hikkokomori's ghost, journeyman TrWr
Lair:5 3 runed translucent doors, Esekla's ghost, journeyman VSDe; bjtr's ghost, adept VSEn
Snake:1 1 transporter
Snake:2 1 runed translucent door, Qanoask's ghost, journeyman OnGl


Innate Abilities, Weirdness & Mutations

You cannot be hasted, slowed, berserked, paralysed or teleported.
You can dig through walls and to a lower floor.
You have a pair of large antennae on your head. (SInv)
Your four strong arms can wield two-handed weapons with a shield.


Message History

You feel much better. Branches wave dangerously above you.
You are hit by a branch!
* * * LOW HITPOINT WARNING * * *
The forest calms down.
You block the anaconda simulacrum's attack.
The anaconda simulacrum constricts you.
* * * LOW HITPOINT WARNING * * *
You block the bunyip's attack. x2
The bunyip claws you but does no damage.
The anaconda simulacrum loses its grip on you.
The spriggan rider misses you. x2
The spriggan druid completely misses you.
The swamp dragon completely misses you.
The swamp dragon claws you but does no damage.
The swamp dragon misses you.
The spriggan rider completely misses you.
Unknown command.
Casting: Dimensional Bullseye (mildly dangerous; 4% risk of failure)
Confirm with . or Enter, or press ? or * to list all spells.
Okay, then.
Unknown command.
Unknown command.
Press: ? - help, v - describe, . - travel
Here: a spriggan druid, wielding a +0 quarterstaff and wearing a +0 robe (heavily wounded) Some shallow water.
Unknown command.
You shoot an arrow. The arrow hits the bunyip!!!
You kill the bunyip!
Okawaru accepts your kill.
Your projectile teleports!
The arrow hits the thorn hunter!
The thorn hunter is heavily damaged.
You block the spriggan rider's attack. x2
The spriggan druid hits you with a +0 quarterstaff!
* * * LOW HITPOINT WARNING * * *
You block the swamp dragon's attack. The swamp dragon completely misses you.
The swamp dragon misses you. The spriggan rider misses you.
The thorn hunter fires a volley of thorns at you.
The volley of thorns hits you!!
You die...

,~,~~*,,,~§~..§~...♣~~§~.♣♣♣..~§~
~~~~~,~~~.~~~~~~~.~♣..~~.♣♣~~~~~~
~~~,*,~~~~~.§§~~§~*♣♣♣)~.♣♣~~~~~~
,,,,**,~~~~§~~~~.♣*♣..P.~♣♣....§~
,~~~**~,~~~§~~~~.♣♣♣†P..♣♣♣♣§.~~~
,,,***,~,...~~~~~~~~~♣♣♣♣ ♣♣.~~~
**~~**,~,~♣§.~ii†~(♣♣♣ ♣♣..~
****~~,,,~♣♣~)i§iD♣♣ ♣♣♣~ *
***,,,.~~~.~Z@.♣ ♣~
*,,,~~§~~Zf†♣♣ ♣♣♣♣♣ ***
**,*,§~~~Z.~♣♣ ♣♣.~~
~,***,,**?~~~.~~~** ♣♣~~~
***~~,,~*♣~..~~~~~* ♣♣♣~..
*~~~,**~.~~~~..,~* ♣♣♣.~♣~♣
**~~,,**~~~~~...,** ♣♣♣.~~♣♣..
,~~~,,***~~~....,** ♣~~~~...~~
,~~,,****,~,,,,,,~** ♣♣~~...~~.


You could see a thorn hunter (bullseye target), a swamp dragon, 3 spriggan
riders, a spriggan druid, an anaconda simulacrum, a minotaur simulacrum and a
deep troll simulacrum.

Vanquished Creatures
  Rupert (Snake:1)
  Mlioglotl (Snake:3)
  2 thorn hunters
  A fenstrider witch (Swamp:3)
  Kirke (D:15)
  Donald (Snake:4)
  Aizul (Swamp:2)
  5 nagarajas
  An ironbound preserver (D:13)
  A stone giant (D:15)
  7 eleionomae
  6 bunyips
  Snorg (D:12)
  2 shambling mangroves
  An entropy weaver (D:13)
  11 hydras
  4 ogre magi
  2 ice dragons (Swamp:3)
  2 salamander tyrants (Snake:4)
  A catoblepas (Lair:5)
  3 boulder beetles
  Erica (D:9)
  8 anacondas
  10 alligators
  A death knight (D:14)
  11 death yaks
  6 centaur warriors
  18 naga warriors
  4 tengu warriors
  19 two-headed ogres
  A demonic crawler (Lair:3)
  A deep troll shaman (Lair:5)
  An orc high priest (Orc:2)
  14 naga sharpshooters
  5 shock serpents
  Nergalle (D:11)
  A skyshark (Lair:5)
  Amaemon (Lair:1)
  A skeletal warrior (D:15)
  A death drake (Swamp:3)
  3 deep trolls
  6 salamander mystics
  9 mana vipers
  4 spriggan druids
  3 goliath frogs
  4 swamp dragons
  11 bog bodies
  4 lindwurms
  8 naga ritualists
  A spriggan simulacrum (Swamp:4)
  A phantasmal warrior (D:15)
  A deep elf pyromancer (D:11)
  17 ugly things
  7 will-o-the-wisps
  2 orc sorcerers
  9 cyclopes
  A manticore (Lair:5)
  15 salamanders
  A kobold blastminer (Orc:2)
  6 guardian serpents
  9 cane toads
  2 elephants (Lair:5)
  19 naga magi
  29 black mambas
  2 torpor snails
  3 gargoyles
  A kobold demonologist (D:10)
  Jeremiah (Lair:1)
  An orange demon (Lair:1)
  A rime drake (Lair:5)
  13 komodo dragons
  A swamp worm zombie (Swamp:4)
  2 unseen horrors (D:12)
  2 freezing wraiths (D:15)
  A yaktaur (D:15)
  A guardian mummy (D:12)
  5 tengu conjurers
  12 tyrant leeches
  10 trolls
  A queen bee (D:11)
  Prince Ribbit (D:5)
  20 blink frogs
  11 hornets
  A dream sheep (Lair:2)
  8 spriggans
  23 slime creatures
  2 wraiths
  Sigmund (D:3)
  A vampire (D:14)
  2 wyverns
  3 shadows
  2 hogs (D:15)
  4 tyrant leech zombies (Swamp:4)
  7 basilisks
  62 yaks
  2 wargs
  3 humans (D:15)
  A minotaur simulacrum (Swamp:4)
  7 vampire mosquitoes
  2 steam dragons
  2 hydra simulacra (Swamp:3)
  A harpy simulacrum (Swamp:4)
  38 nagas
  12 swamp worms
  A naga (shapeshifter) (D:14)
  14 water moccasins
  Duvessa (D:5)
  20 orc warriors
  A swamp drake (Swamp:2)
  2 sky beasts (D:7)
  4 black bears
  An ice beast (D:8)
  25 ogres
  11 wolves
  15 centaurs
  4 phantoms
  6 kobold brigands
  20 bullfrogs
  2 gnoll sergeants
  2 scorpions
  3 wights (D:7)
  Dowan (D:5)
  46 killer bees
  7 howler monkeys
  An electric eel (D:6)
  A bombardier beetle (D:5)
  2 crimson imps
  4 jellies
  3 hounds
  10 orc priests
  A gnoll bouda (D:9)
  A sleepcap (D:5)
  An iguana (D:5)
  18 orc wizards
  7 ogre zombies (D:9)
  14 gnolls
  5 adders
  A shadow imp (D:6)
  2 white imps
  2 ufetubi (D:6)
  A ribbon worm (D:5)
  2 dart slugs
  48 orcs
  8 ball pythons
  5 endoplasms
  2 giant cockroaches (D:2)
  4 gnoll zombies (D:9)
  8 goblins
  13 hobgoblins
  3 jackals (D:1)
  3 quokkas
  4 bats (D:1)
  6 frilled lizards
  5 gnoll skeletons (D:9)
  2 goblin skeletons (D:3)
  2 goblin zombies (D:3)
  4 hobgoblin zombies (D:3)
  38 kobolds
  2 kobold skeletons (D:3)
  3 kobold zombies (D:3)
  2 orc skeletons
  16 orc zombies
  4 rats
  A spectral kobold (D:6)
1050 creatures vanquished.

Vanquished Creatures (others)
  A naga (Snake:1)
  An orc priest (Orc:1)
  An orc (Orc:1)
  31 foxfires
  A spectral weapon (Snake:4)
35 creatures vanquished.

Grand Total: 1085 creatures vanquished

Notes
Turn   | Place    | Note
-------+----------+-------------------------------------------
     0 | D:1      | jestert79 the Formicid Hexslinger began the quest for the
                  | Orb.
     0 | D:1      | Reached XP level 1. HP: 15/15 MP: 2/2
    99 | D:1      | Reached XP level 2. HP: 13/21 MP: 3/3
   275 | D:1      | Learned a level 2 spell: Jinxbite
   827 | D:2      | Reached XP level 3. HP: 18/26 MP: 4/4
  1093 | D:2      | HP: 1/26 [poisoned by an adder]
  1103 | D:2      | Reached XP level 4. HP: 8/32 MP: 5/5
  1811 | D:3      | Reached XP level 5. HP: 18/37 MP: 6/6
  2070 | D:3      | Found a white marble altar of Elyvilon.
  2221 | D:3      | Reached skill level 5 in Ranged Weapons
  2243 | D:3      | Noticed Sigmund
  2247 | D:3      | Killed Sigmund
  2248 | D:3      | Reached XP level 6. HP: 26/43 MP: 7/7
  2341 | D:3      | Found a glowing golden altar of the Shining One.
  2703 | D:4      | Found Icisch's Antique Weapon Shop.
  2717 | D:4      | Bought a shortbow for 93 gold pieces
  2749 | D:4      | Noticed an ogre
  2886 | D:4      | Reached XP level 7. HP: 40/48 MP: 8/8
  2916 | D:4      | Found a shimmering blue altar of Sif Muna.
  2918 | D:4      | Found an ornate altar of the Wu Jian Council.
  2920 | D:4      | Found a snail-covered altar of Cheibriados.
  2974 | D:4      | Found a shimmering altar of Xom.
  3105 | D:4      | Found a staircase to the Ecumenical Temple.
  3283 | D:4      | Found an opulent altar of Gozag.
  3518 | Temple   | Entered the Ecumenical Temple
  3524 | Temple   | Became a worshipper of Warmaster Okawaru
  3559 | D:5      | Entered Level 5 of the Dungeon
  3566 | D:5      | Noticed Prince Ribbit
  3683 | D:5      | Noticed a water moccasin
  3690 | D:5      | Killed a water moccasin
  3803 | D:5      | Reached skill level 1 in Stealth
  3803 | D:5      | Reached XP level 8. HP: 41/54 MP: 6/9
  4006 | D:5      | Noticed Duvessa
  4009 | D:5      | Noticed Dowan
  4032 | D:5      | Killed Duvessa
  4032 | D:5      | Reached * piety under Okawaru
  4238 | D:5      | Found Moujol's Tremendous Tomes.
  4322 | D:5      | Killed Prince Ribbit
  4574 | D:5      | Killed Dowan
  4734 | D:5      | Found a runed translucent door.
  4735 | D:5      | Noticed Crazy Yiuf
  5131 | D:6      | Found Riku's Weapon Emporium.
  5175 | D:6      | Found a transporter.
  5177 | D:6      | Noticed a two-headed ogre
  5178 | D:6      | Noticed zenocrate's ghost (novice KoDe)
  5189 | D:6      | Reached XP level 9. HP: 65/65 MP: 10/10
  5192 | D:6      | Found a transporter.
  5545 | D:6      | Reached ** piety under Okawaru
  5546 | D:6      | Reached skill level 5 in Fighting
  6037 | D:6      | Found a hazy altar of Hepliaklqana.
  6048 | D:6      | Learned a level 3 spell: Sigil of Binding
  6052 | D:6      | Learned a level 3 spell: Inner Flame
  6259 | D:7      | Found an ancient bone altar of Kikubaaqudgha.
  6271 | D:7      | Noticed a troll
  6651 | D:7      | Reached skill level 5 in Dodging
  6957 | D:8      | Identified a scroll of acquirement
  6957 | D:8      | Acquired 888 gold pieces
  7010 | D:6      | Bought the +6 orcbow of Egyun {heavy, rF+ Will+} for 838
                  | gold pieces
  7155 | D:8      | Reached XP level 10. HP: 74/74 MP: 13/13
  7209 | D:8      | Reached *** piety under Okawaru
  7210 | D:8      | Reached skill level 5 in Hexes
  7366 | D:8      | Reached skill level 10 in Ranged Weapons
  7408 | D:8      | Found a hide-covered altar of Uskayaw.
  7467 | D:8      | Identified the +3 leather armour of Restlessness {rC+}
  7995 | D:8      | Noticed a moth of wrath
  8627 | D:9      | Identified the +6 scale mail "Puirocu" {Int+2}
  8869 | D:9      | Noticed Erica
  8874 | D:9      | Killed Erica
  8874 | D:9      | Reached **** piety under Okawaru
  9267 | D:9      | HP: 3/74 [phantom (2)]
  9354 | D:9      | Reached skill level 5 in Fire Magic
  9354 | D:9      | Reached XP level 11. HP: 58/80 MP: 15/15
  9587 | D:9      | Found a staircase to the Orcish Mines.
  9826 | D:10     | Entered Level 10 of the Dungeon
  9903 | D:10     | Reached ***** piety under Okawaru
  9913 | D:10     | Noticed a two-headed ogre
  9918 | D:10     | Killed a two-headed ogre
  9963 | D:10     | Noticed a centaur warrior
  9971 | D:10     | HP: 2/80 [centaur warrior/arrow (9)]
  9973 | D:10     | Killed a centaur warrior
 10101 | D:10     | Found a shadowy altar of Dithmenos.
 10190 | D:10     | Found a flagged portal.
 10236 | Bailey   | Entered a bailey
 10529 | Bailey   | Identified the +0 plate armour "Siokol" {Rampage Fly rPois
                  | rN+++ Stlth-}
 10682 | D:10     | Learned a level 4 spell: Dimensional Bullseye
 10753 | D:10     | Found a staircase to the Lair.
 10866 | D:10     | Found a burning altar of Makhleb.
 10866 | D:10     | Found a radiant altar of Vehumet.
 11187 | D:10     | Noticed a two-headed ogre
 11194 | D:10     | Killed a two-headed ogre
 11360 | D:11     | Noticed a cyclops
 11362 | D:11     | Killed a cyclops
 11362 | D:11     | Received a gift from Okawaru
 11362 | D:11     | Reached ****** piety under Okawaru
 11363 | D:11     | Reached skill level 1 in Invocations
 11363 | D:11     | Acquired a +0 hand cannon of electrocution
 11363 | D:11     | Received a gift from Okawaru
 11382 | D:11     | Acquired the +5 moon troll leather armour {Spirit, Regen++
                  | MP+5}
 11382 | D:11     | Received a gift from Okawaru
 11382 | D:11     | Found the +5 moon troll leather armour {Spirit, Regen++
                  | MP+5}
 11455 | Lair:1   | Entered Level 1 of the Lair of Beasts
 11482 | Lair:1   | Reached XP level 12. HP: 86/86 MP: 16/16
 11502 | Lair:1   | Reached skill level 1 in Armour
 11736 | Lair:1   | Noticed Jeremiah
 11751 | Lair:1   | Killed Jeremiah
 11751 | Lair:1   | Received a gift from Okawaru
 11784 | Lair:1   | Reached skill level 15 in Ranged Weapons
 11788 | Lair:1   | Noticed Amaemon
 11800 | Lair:1   | Killed Amaemon
 12308 | Lair:2   | Received a gift from Okawaru
 12375 | Lair:2   | Noticed a seven-headed hydra
 12396 | Lair:2   | Killed a seven-headed hydra
 12481 | Lair:2   | Reached skill level 1 in Translocations
 12580 | Lair:2   | Acquired 415 gold pieces
 12610 | Lair:2   | Reached XP level 13. HP: 93/93 MP: 17/17
 12716 | Lair:2   | Received a gift from Okawaru
 12894 | Lair:2   | Found a staircase to the Snake Pit.
 13239 | Lair:2   | Noticed a six-headed hydra
 13244 | Lair:2   | Killed a six-headed hydra
 13518 | Lair:2   | Received a gift from Okawaru
 13637 | Lair:2   | Reached skill level 1 in Staves
 14031 | Lair:3   | Noticed a five-headed hydra
 14199 | Lair:3   | Killed a five-headed hydra
 14200 | Lair:3   | Reached skill level 5 in Translocations
 14243 | Lair:3   | Noticed a five-headed hydra
 14248 | Lair:3   | Killed a five-headed hydra
 14287 | Lair:3   | Found a staircase to the Swamp.
 14389 | Lair:3   | Received a gift from Okawaru
 14545 | Lair:3   | Reached XP level 14. HP: 104/104 MP: 18/18
 15038 | Lair:4   | Found a runed translucent gate.
 15038 | Lair:4   | Found a runed translucent gate.
 15038 | Lair:4   | Found a runed translucent gate.
 15039 | Lair:4   | Noticed hikkokomori's ghost (journeyman TrWr)
 15294 | Lair:4   | Received a gift from Okawaru
 15349 | Lair:4   | Found a staircase to the Slime Pits.
 15349 | Lair:4   | Found a viscous altar of Jiyva.
 15459 | Lair:4   | Found the +3 giant club "Skullcrusher" {speed, Str+7}
 15925 | Lair:5   | Entered Level 5 of the Lair of Beasts
 16277 | Lair:5   | Received a gift from Okawaru
 16874 | Lair:5   | Received a gift from Okawaru
 16911 | Lair:5   | Identified the +11 morningstar of Hacking and Slashing
                  | {freeze, rF+ Int+8}
 17070 | Lair:5   | Found a runed translucent gate.
 17070 | Lair:5   | Found a runed translucent gate.
 17070 | Lair:5   | Found a runed translucent gate.
 17071 | Lair:5   | Noticed Esekla's ghost (journeyman VSDe)
 17071 | Lair:5   | Noticed bjtr's ghost (adept VSEn)
 17149 | Lair:5   | Reached XP level 15. HP: 110/110 MP: 19/19
 17760 | Orc:1    | Entered Level 1 of the Orcish Mines
 18074 | Orc:2    | Entered Level 2 of the Orcish Mines
 18227 | Orc:2    | Found a staircase to the Elven Halls.
 18418 | Orc:2    | Found Buvam's Antique Weapon Emporium.
 18428 | Orc:2    | Received a gift from Okawaru
 18599 | Orc:2    | Found a shimmering blue altar of Sif Muna.
 18617 | Orc:2    | Got Sif Muna's Exposition on Hypothermia
 18680 | Orc:2    | Reached skill level 10 in Fighting
 18719 | Orc:2    | Reached skill level 10 in Dodging
 18753 | Orc:2    | Received a gift from Okawaru
 18798 | Orc:2    | Found Ifibb's Weapon Shoppe.
 18810 | Orc:2    | Found Hioreen's General Store.
 18819 | Orc:2    | Found Pexapn's Armour Emporium.
 18828 | Orc:2    | Bought a scroll of identify for 28 gold pieces
 18834 | Orc:2    | Bought a +0 cloak of preservation for 172 gold pieces
 19113 | D:11     | Noticed Nergalle
 19122 | D:11     | Killed Nergalle
 19154 | D:11     | Reached skill level 1 in Shields
 19171 | D:11     | Reached skill level 2 in Shields
 19397 | D:11     | Reached skill level 3 in Shields
 19516 | D:11     | Found a runed translucent door.
 19531 | D:11     | Found a runed translucent door.
 19544 | D:11     | Found a runed translucent door.
 19559 | D:11     | Found a runed translucent door.
 19889 | D:12     | Reached skill level 4 in Shields
 20089 | D:12     | Reached skill level 5 in Shields
 20203 | D:12     | Reached skill level 6 in Shields
 20316 | D:12     | Received a gift from Okawaru
 20317 | D:12     | Reached XP level 16. HP: 118/124 MP: 20/20
 20501 | D:12     | Reached skill level 7 in Shields
 20559 | D:12     | Noticed Snorg
 20562 | D:12     | Killed Snorg
 20723 | D:12     | Found a portal to a secret trove of treasure.
 20835 | D:13     | Reached skill level 8 in Shields
 21091 | D:13     | Reached skill level 9 in Shields
 21304 | D:13     | Found a gate to the Vaults.
 21325 | D:13     | Reached skill level 10 in Shields
 21704 | D:14     | Received a gift from Okawaru
 21816 | D:14     | Found Lejibui's Antique Armour Shop.
 21849 | D:14     | Reached skill level 11 in Shields
 22148 | D:14     | Reached skill level 12 in Shields
 22377 | D:14     | Received a gift from Okawaru
 22387 | D:14     | Reached skill level 13 in Shields
 22707 | D:15     | Entered Level 15 of the Dungeon
 22934 | D:15     | Reached skill level 14 in Shields
 23011 | D:15     | Received a gift from Okawaru
 23119 | D:15     | Found a runed translucent gate.
 23120 | D:15     | Found a runed translucent gate.
 23121 | D:15     | Found a runed translucent gate.
 23121 | D:15     | Noticed an azure jelly
 23122 | D:15     | Noticed an acid blob
 23122 | D:15     | Noticed Hehag's ghost (journeyman MiBe)
 23122 | D:15     | Noticed a rockslime
 23175 | D:15     | Reached skill level 15 in Shields
 23192 | D:15     | Reached XP level 17. HP: 74/129 MP: 9/21
 23517 | D:15     | Noticed Kirke
 23519 | D:15     | Received a gift from Okawaru
 23525 | D:15     | Killed Kirke
 23623 | D:15     | Found an ornate altar of the Wu Jian Council.
 23642 | D:15     | Found a staircase to the Depths.
 23698 | D:15     | Reached skill level 16 in Shields
 23755 | D:15     | Found a viscous altar of Jiyva.
 23910 | Snake:1  | Entered Level 1 of the Snake Pit
 23989 | Snake:1  | Found Luppoh's Assorted Antiques.
 24425 | Snake:1  | Found a radiant altar of Vehumet.
 24452 | Snake:1  | Identified the ring "Etzios" {Wiz rElec rF+ Int+8 Dex-3}
 24484 | Snake:1  | Found a transporter.
 24551 | Snake:1  | Noticed Rupert
 24572 | Snake:1  | Killed Rupert
 24672 | Snake:1  | Reached skill level 17 in Shields
 24930 | Snake:2  | Received a gift from Okawaru
 25124 | Snake:2  | Found a runed translucent door.
 25127 | Snake:2  | Noticed Qanoask's ghost (journeyman OnGl)
 25506 | Snake:3  | Reached skill level 18 in Shields
 25775 | Snake:3  | Received a gift from Okawaru
 26007 | Snake:3  | Reached skill level 19 in Shields
 26123 | Snake:3  | Identified the +12 war axe of Paplisuec {speed, rElec rPois
                  | Will+}
 26377 | Snake:3  | Noticed Mlioglotl
 26397 | Snake:3  | Killed Mlioglotl
 26736 | Snake:4  | Entered Level 4 of the Snake Pit
 26736 | Snake:4  | Noticed Donald
 26753 | Snake:4  | Killed Donald
 26841 | Snake:3  | Reached skill level 20 in Shields
 27032 | Snake:4  | Received a gift from Okawaru
 27102 | Snake:4  | Reached XP level 18. HP: 126/136 MP: 18/22
 27108 | Snake:4  | HP: 4/136 [shock serpent/bolt of electricity (13)]
 27410 | Snake:3  | Received a gift from Okawaru
 27794 | Snake:4  | Reached skill level 5 in Armour
 28166 | Snake:4  | Received a gift from Okawaru
 28380 | Snake:3  | Reached skill level 10 in Hexes
 28744 | Snake:4  | Learned a level 6 spell: Eringya's Noxious Bog
 28783 | Snake:4  | Reached skill level 1 in Alchemy
 28868 | Snake:4  | Received a gift from Okawaru
 28913 | Snake:4  | Got a serpentine rune of Zot
 29268 | Swamp:1  | Entered Level 1 of the Swamp
 29305 | Lair:3   | Reached skill level 5 in Alchemy
 29360 | Swamp:1  | Reached XP level 19. HP: 147/147 MP: 14/25
 29739 | D:5      | Bought the Tome of Synthesized Cryomancy for 1232 gold
                  | pieces
 29745 | D:5      | Learned a level 5 spell: Irradiate
 30159 | Swamp:1  | Reached skill level 1 in Conjurations
 30394 | Swamp:2  | Reached skill level 5 in Spellcasting
 30552 | Swamp:2  | Received a gift from Okawaru
 31109 | Swamp:3  | Identified the serpent talisman of Distant Worlds {Will+
                  | Int-2 Dex+5}
 31109 | Swamp:3  | Noticed Aizul
 31148 | Swamp:3  | HP: 3/147 [will-o-the-wisp (9)]
 31341 | Swamp:2  | Killed Aizul
 31621 | Swamp:3  | Received a gift from Okawaru
 31939 | Swamp:3  | Reached skill level 5 in Conjurations
 31942 | Swamp:3  | Reached skill level 10 in Alchemy
 32067 | Swamp:4  | Entered Level 4 of the Swamp
 32230 | Swamp:4  | Received a gift from Okawaru
 32234 | Swamp:4  | Killed from afar by a thorn hunter

Illustrated notes

Levels and vault maps discovered:
D:1:      scummos_arrival_star, layout_basic
D:2:      layout_loops_ring
D:3:      layout_basic, nicolae_tso_besieged_by_evil,
          nicolae_elyvilon_temple_path, uniq_sigmund
D:4:      layout_loops_ring, nicolae_overflow_hidden_temple,
          mainiacjoe_overflow_boulevard,
          nicolae_gozag_cash_rules_everything_around_me,
          minmay_temple_entry_enclosed_plants, serial_shops, shop
D:5:      layout_basic, mrwooster_statue_mirror, nicolae_shop_i_like_big_books,
          uniq_crazy_yiuf_cottage, uniq_duvessa, uniq_prince_ribbit1
D:6:      layout_gridville, nicolae_hepliaklqana_monster_ancestors,
          gammafunk_ghost_arena, serial_shops, shop, nicolae_water_bricks,
          serial_bayou_pond_e, sigmund_army
D:7:      layout_cave_pools, kiku_gazebo_pond_becter, minmay_gold_behind_fungi
D:8:      layout_cave_pods, tgw_trog, nicolae_uskayaw_murder_on_the_dancefloor,
          hangedman_decor_opposing
D:9:      layout_stronghold, zombieorc2_lemuel, uniq_erica
D:10:     layout_irregular_city, grunt_temple_overflow_lords_of_destruction,
          grunt_dithmenos_smoke_and_mirrors, lair_entry_dummy, enter_bailey_7
D:11:     layout_long_grid, special_room [special_room_bee],
          minmay_statue_crystal_thing, uniq_nergalle
D:12:     layout_irregular_city, nicolae_trove_entry_path_of_doom, uniq_snorg
D:13:     layout_basic, hellmonk_vaults_order_and_chaos
D:14:     layout_long_grid, minmay_misc_feat_tiny, serial_shops, shop
D:15:     hangedman_depths_entry_civil_slaughter, layout_rooms,
          gammafunk_ghost_ooze, nzn_wu_jian_contemplation,
          wad_floor_pattern_untrapped, nicolae_wwwww, uniq_kirke
Temple:   hellmonk_temple_two_chambers
Lair:1:   layout_regular_city, columned_hall_lemuel, nicolae_lair_lindhole,
          uniq_amaemon, uniq_jeremiah
Lair:2:   nzn_winding_woodlands_stair_trap [nzn_winding_woodlands_5x15_pool,
          nzn_winding_woodlands_5x15_parted, nzn_winding_woodlands_5x15_cabin,
          nzn_winding_woodlands_15x15_five_gardens,
          nzn_winding_woodlands_5x15_jagged,
          nzn_winding_woodlands_5x15_concentric,
          nzn_winding_woodlands_5x15_pockets], layout_regular_city,
          guppyfry_snake_entry_garden
Lair:3:   layout_cave_pods, skrybe_swamp_entry_bodies, lemuel_fruit_fields
Lair:4:   layout_big_grid, minmay_slime_entry_pillars, gammafunk_ghost_split,
          serial_bayou_pond_e, worms_lemuel
Lair:5:   grunt_lair_end_beastmaster, layout_regular_city,
          gammafunk_ghost_cemetery
Swamp:1:  layout_basic_swamp, serial_swamp_ruin, evilmike_swamp_ruin_house_5,
          evilmike_swamp_ruin_rubble_1, swamp_pool_3, infiniplex_staircase_pool
Swamp:2:  layout_basic_swamp, nicolae_swamp_oxbows
Swamp:3:  layout_basic_swamp, evilmike_swamp_ruin_house_3, swamp_pool_1_2,
          hangedman_swamp_double_dragon, uniq_aizul
Swamp:4:  swamp_pestilence, layout_basic_swamp,
          portal_ice_cave_entry_ice_simulacra
Snake:1:  gammafunk_sealed_library, layout_honeycomb, serial_shops, shop,
          uniq_rupert
Snake:2:  layout_cave_shapes, hellmonk_ghost_happy_afterlife
Snake:3:  layout_onion, serial_bayou_shore_b, uniq_mlioglotl
Snake:4:  snake_pit, layout_basic, uniq_donald
Orc:1:    layout_caves, basic_altar
Orc:2:    st_orc_open, layout_diamond_mine, led_sif_book

Skill      XL: |  1  2  3  4  5  6  7  8  9 10 11 12 13 14 15 16 17 18 19 |
---------------+----------------------------------------------------------+-----
Ranged Weapons | 3 4 6 8 9 11 14 16 17 18 | 18.0
Hexes          | 4 7 9 10 | 10.6
Dodging        | 2 3 5 7 8 10 | 10.6
Stealth        | 1 3 |  3.0
Fighting       | 3 5 6 7 8 10 12 | 12.4
Spellcasting   | 2 3 4 6 |  6.0
Fire Magic     | 2 5 |  5.0
Invocations    | 2 |  2.1
Armour         | 4 5 |  5.8
Translocations | 2 5 7 8 |  8.0
Staves         | 2 4 |  4.0
Shields        | 6 15 20 | 20.7
Alchemy        | 5 10 | 10.8
Conjurations   | 5 |  5.9

Action                     |  1- 3 |  4- 6 |  7- 9 | 10-12 | 13-15 | 16-18 | 19-21 || total
---------------------------+-------+-------+-------+-------+-------+-------+-------++-------
  Melee: Short sword       |    57 |    14 |       |       |       |       |       ||    71
         Punch             |     2 |     2 |     1 |     6 |       |       |       ||    11
         Quarterstaff      |       |       |    17 |    47 |       |     9 |       ||    73
   Fire: Sling             |    48 |   119 |       |       |       |       |       ||   167
         Shortbow          |       |    11 |   290 |       |       |       |       ||   301
         Orcbow            |       |       |     6 |   467 |   906 |  1207 |   409 ||  2995
   Cast: Jinxbite          |       |     3 |    30 |     9 |       |       |       ||    42
         Inner Flame       |       |       |       |     2 |     3 |       |       ||     5
         Dimensional Bulls |       |       |       |     1 |    18 |    23 |    14 ||    56
         Sigil of Binding  |       |       |       |       |       |     2 |       ||     2
 Invoke: Heroism           |       |       |       |     1 |       |       |     1 ||     2
         Receive Weapon    |       |       |       |     1 |       |       |       ||     1
         Receive Armour    |       |       |       |     1 |       |       |       ||     1
Ability: Dig               |       |       |       |       |       |     1 |       ||     1
  Evoke: Wand              |       |     5 |     4 |     4 |       |     3 |       ||    16
    Use: Potion            |     1 |       |       |     6 |       |     2 |     3 ||    12
         Scroll            |       |       |     9 |     6 |     8 |     4 |     2 ||    29
   Stab: Distracted        |       |       |       |     1 |       |       |       ||     1
         Invisible         |       |       |       |       |       |     4 |       ||     4
 Armour: Robe              |    40 |    23 |    89 |    13 |       |       |       ||   165
         Leather armour    |       |       |       |   114 |       |       |       ||   114
         Troll leather arm |       |       |       |    46 |   304 |   367 |   151 ||   868
  Dodge: Dodged            |    54 |    23 |   108 |   287 |   394 |   418 |   122 ||  1406
  Block: Kite shield       |       |       |       |       |       |   666 |   242 ||   908

Table legend: (Time is in decaauts)
 A = Elapsed time spent in this place.
 B = Non-inter-level travel time spent in this place.
 C = Inter-level travel time spent in this place.
 D = Time resting spent in this place.
 E = Time spent auto-exploring this place.
 F = Levels seen in this place.
 G = Mean time per level.
                   A        B        C        D        E       F      G
               +--------+--------+--------+--------+--------+-----+--------+
         Total |  32725 |  29831 |   2894 |   4615 |  14301 |  32 | 1022.7 |
       Dungeon |  16503 |  14956 |   1547 |   2455 |   8292 |  15 | 1100.2 |
        Temple |     12 |      6 |      6 |      0 |      0 |   1 |   12.0 |
          Lair |   6737 |   6148 |    589 |    671 |   3416 |   5 | 1347.4 |
         Swamp |   2476 |   2334 |    142 |    388 |    849 |   4 |  619.0 |
     Snake Pit |   5388 |   4908 |    480 |   1027 |   1327 |   4 | 1347.0 |
  Orcish Mines |   1190 |   1063 |    127 |     70 |    408 |   2 |  595.0 |
        Bailey |    416 |    416 |      0 |      3 |      9 |   1 |  416.0 |
               +--------+--------+--------+--------+--------+-----+--------+

Top non-repeatable levels by time:
  Lair:2: 1998 daAuts
 Snake:3: 1845 daAuts
 Snake:4: 1723 daAuts
     D:9: 1607 daAuts
  Lair:5: 1557 daAuts
     D:8: 1414 daAuts
     D:6: 1406 daAuts
     D:5: 1397 daAuts
    D:10: 1272 daAuts
    D:14: 1216 daAuts
  Lair:3: 1158 daAuts
  Lair:4: 1147 daAuts
     D:2: 1040 daAuts
 Snake:1: 989 daAuts
 Swamp:2: 983 daAuts
